 Dungeon Crawl Stone Soup version 0.29-a0-866-g0545e20025 (webtiles) character file.

Game seed: 5142821218493606548

17801 wrndlr the Covert (level 12, -3/60 HPs)
             Began as a Spriggan Enchanter on July 17, 2022.
             Was a Follower of Dithmenos.
             Slain by a sixfirhy (9 damage)
             ... in a Gauntlet.
             The game lasted 00:29:57 (17715 turns).

wrndlr the Covert (Spriggan Enchanter)             Turns: 17715, Time: 00:29:58

Health: -3/60      AC:  6    Str:  8    XL:     12   Next: 22%
Magic:  36/38      EV: 22    Int: 18    God:    Dithmenos [*.....]
Gold:   997        SH:  0    Dex: 15    Spells: 24/35 levels left

rFire   + . .      SeeInvis +   s - +7 dagger (venom)
rCold   . . .      Faith    .   (no shield)
rNeg    . . .      Spirit   .   b - +1 robe
rPois   .          Reflect  .   (helmet restricted)
rElec   .          Harm     .   y - +2 cloak
rCorr   .          Rampage  .   (gloves unavailable)
Will    ++...      NoTele   +   (boots unavailable)
Stlth   +++++++...              (no amulet)
HPRegen 0.20/turn               K - +4 ring of slaying
MPRegen 0.26/turn               B - ring of magical power

@: confusing by touch, wreathed by umbra, very quick
A: very small, no large weapons, unfitting armour, see invisible, speed 3,
antennae 1, fire resistance 1
a: Renounce Religion


You were in a Gauntlet.
You worshipped Dithmenos.
Dithmenos was aware of your devotion.
You visited 2 branches of the dungeon, and saw 15 of its levels.
You also visited: Gauntlet.

You collected 997 gold pieces.

Inventory:

Hand Weapons
 s - a +7 dagger of venom (weapon)
 C - a +1 dagger of electrocution
Missiles
 g - 2 atropa-tipped darts
 h - 18 poisoned darts (quivered)
 k - 3 throwing nets
 q - 2 curare-tipped darts
 w - 4 datura-tipped darts
Armour
 b - a +1 robe (worn)
 l - a scarf of resistance
 p - a scarf of invisibility
 y - a +2 cloak (worn)
 N - the +1 hat "Wutyclyq" {Str+5 Dex+2}
   (You found it in a Gauntlet)

   Str:       It affects your strength (+5).
   Dex:       It affects your dexterity (+2).
Jewellery
 i - a ring of fire
 r - a ring of positive energy
 B - a ring of magical power (right hand)
 K - a +4 ring of slaying (left hand)
 L - a ring of fire
Wands
 m - a wand of roots (12)
 n - a wand of flame (39)
 t - a wand of quicksilver (16)
 A - a wand of paralysis (3)
 E - a wand of digging (8)
 I - a wand of mindburst (16)
 M - a wand of polymorph (9)
Scrolls
 e - a scroll of brand weapon
 f - 2 scrolls of fog
 j - 3 scrolls of identify
 u - a scroll of summoning
 v - 4 scrolls of teleportation
 x - 5 scrolls of vulnerability
 z - 2 scrolls of blinking
 F - a scroll of immolation
 G - a scroll of enchant armour
Potions
 a - a potion of cancellation
 c - a potion of invisibility
 d - 3 potions of lignification
 o - 3 potions of might
 D - 2 potions of haste
 H - 6 potions of curing
 J - a potion of berserk rage


   Skills:
 + Level 5.5 Fighting
 + Level 7.5 Short Blades
 + Level 9.5 Dodging
 + Level 14.7 Stealth
 + Level 12.0 Spellcasting
 + Level 12.1 Hexes


You had 24 spell levels left.
You knew the following spells:

 Your Spells              Type           Power      Damage    Failure   Level
a - Ensorcelled Hibernat  Hex/Ice        64%        N/A       1%          2
b - Tukima's Dance        Hex            53%        N/A       1%          3
c - Dazzling Flash        Conj/Hex       64%        N/A       1%          3
d - Confusing Touch       Hex            53%        N/A       1%          3

Your spell library contained the following spells:

 Spells                   Type           Power      Damage    Failure   Level
 Slow                     Hex            100%       N/A       1%          1
 Portal Projectile        Hex/Tloc       64%        N/A       1%          3
 Anguish                  Hex/Necr       16%        N/A       5%          4
 Leda's Liquefaction      Hex/Erth       16%        N/A       5%          4
 Shock                    Conj/Air       40%        1d5       6%          1
 Static Discharge         Conj/Air       10%        3-5/arc   10%         2
 Metabolic Englaciation   Hex/Ice        16%        N/A       14%         5
 Call Canine Familiar     Summ           10%        N/A       19%         3
 Conjure Flame            Conj/Fire      10%        6-21      19%         3
 Ignite Poison            Fire/Tmut/Pois 10%        N/A       19%         3
 Spider Form              Tmut/Pois      10%        N/A       19%         3
 Swiftness                Air            10%        N/A       19%         3
 Vampiric Draining        Necr           10%        2d6       19%         3
 Airstrike                Air            5%         0-3+      54%         4
 Dispel Undead            Necr           10%        3d9       54%         4
 Petrify                  Tmut/Erth      10%        N/A       54%         4
 Sticky Flame             Conj/Fire      10%        2d3       54%         4
 Blade Hands              Tmut           5%         N/A       87%         5
 Statue Form              Tmut/Erth      6%         N/A       100%        6


Dungeon Overview and Level Annotations

Branches:
Dungeon (14/15)            Temple (1/1) D:6            Lair (0/6) D:11
    Orc (0/2) D:12        Gauntlet (1/1)
 Vaults: D:13-14

Altars:
Ashenzari
Cheibriados
Dithmenos
Elyvilon
Fedhas
Gozag
Hepliaklqana
Kikubaaqudgha
Makhleb
Nemelex Xobeh
Okawaru
Qazlal
Ru
Sif Muna
Trog
Uskayaw
Vehumet
Wu Jian
Xom
Yredelemnul
Zin
The Shining One

Shops:
D:2 [   D:14 :

Annotations:
D:8 3 runed translucent doors, gabibbone's ghost, novice TeHu Gauntlet 6 transporters, 1 runed translucent door, exclusions: ice statue and orange crystal statue


Innate Abilities, Weirdness & Mutations

You are very small and have problems with some larger weapons.
You are too small for most types of armour.
You have supernaturally acute eyesight. (SInv)
You cover ground extremely quickly. (Speed+++)
You have a pair of small antennae on your head.
Your flesh is heat resistant. (rF+)


Message History

You shout for attention!
What are your orders? t - Shout!
Orders for allies: a - Attack new target. r - Retreat! s - Stop attacking. g - Guard the area. f - Follow me.
Anything else - Cancel.
Okay, then.
What are your orders? t - Shout!
Orders for allies: a - Attack new target. r - Retreat! s - Stop attacking. g - Guard the area. f - Follow me.
Anything else - Cancel.
Okay, then.
There is a transporter here.
You enter the transporter and appear at another place.
You see here the +1 hat "Wutyclyq" {Str+5 Dex+2}.
N - the +1 hat "Wutyclyq" {Str+5 Dex+2} The sixfirhy closely misses you.
There is a transporter here.
Casting: Confusing Touch (safe; 1% risk of failure)
Confirm with . or Enter, or press ? or * to list all spells.
Your hands begin to glow red.
The sixfirhy closely misses you. The sixfirhy completely misses you.
The sixfirhy closely misses you. The sixfirhy barely misses you.
You hit the sixfirhy but do no damage. The sixfirhy hits you!
The sixfirhy shocks you!
You barely miss the sixfirhy. You barely miss the sixfirhy.
You hit the sixfirhy but do no damage. You closely miss the sixfirhy.
The sixfirhy hits you. The sixfirhy shocks you! The sixfirhy hits you!
The sixfirhy shocks you!
* * * LOW HITPOINT WARNING * * *
You enter the transporter and appear at another place.
The sixfirhy closely misses you. x2; The sixfirhy completely misses you.
The sixfirhy hits you.
* * * LOW HITPOINT WARNING * * *
The sixfirhy shocks you!
You die...

..#########.##
⌠.#.......#.≈##...#
..#..####[#.≈≈#.⌠.#
###.#...#(#.≈##...#
.©#.#.©.#§#.###.⌠.##
⌠.#.#...#.#..##.....
..#.####3.#...#.⌠.#
⌠.#.3.....#.∩.#...#
..#########...#3@.##.
⌠.....#.....⌠.#......#
..#########...#.©.##.#
⌠.#.......#.∩.#...# ..
..###.###$#...#.⌠.# .
⌠.##.^.#..#..##.....
.©##.#©#.©#.###.⌠.##
###..#.^.[#.≈##...#
..#.###.#)#.≈≈#


You could see a sixfirhy.

Vanquished Creatures
  Jorgrun (D:12)
  Rupert (D:12)
  A boulder beetle (D:11)
  A hydra (D:12)
  A two-headed ogre (D:10)
  Urug (D:12)
  An oklob plant (D:11)
  A deep elf pyromancer (D:13)
  A cyclops (D:12)
  A manticore (D:12)
  3 gargoyles
  An unseen horror (D:10)
  A komodo dragon (D:11)
  An unseen horror zombie (D:8)
  A freezing wraith (D:13)
  2 tengu conjurers (D:13)
  An efreet (D:13)
  3 trolls
  A hornet (D:8)
  A wraith (D:12)
  5 shadows
  A wyvern (D:8)
  9 yaks
  3 vampires
  A steam dragon (D:7)
  3 vampire mosquitoes (D:13)
  An acid dragon (D:10)
  5 orc warriors
  2 sky beasts
  A black bear (D:4)
  An ogre (D:5)
  5 centaurs
  A phantom (D:5)
  A kobold brigand (D:8)
  Blork the orc (D:4)
  A necrophage (D:5)
  2 bullfrogs
  A gnoll sergeant (D:11)
  3 scorpions
  4 wights
  3 killer bees (D:9)
  3 electric eels (D:10)
  3 howler monkeys
  4 crimson imps
  A centaur zombie (D:8)
  2 gnoll boudas
  11 orc priests
  A hound (D:7)
  A jelly (D:5)
  6 iguanas
  Jessica (D:2)
  Terence (D:3)
  Natasha (thrice) (D:3)
  13 orc wizards
  10 adders
  15 gnolls
  A shadow imp (D:8)
  A white imp (D:6)
  An ufetubus (D:6)
  A worm (D:2)
  2 dart slugs
  38 orcs
  6 ball pythons
  8 endoplasms
  A giant cockroach (D:1)
  9 goblins
  4 hobgoblins
  8 jackals
  3 quokkas
  2 bats
  3 frilled lizards
  17 kobolds
  12 rats
271 creatures vanquished.

Vanquished Creatures (collateral kills)
  Sigmund (D:3)
  4 wights
  2 gnolls (D:2)
  2 orcs
9 creatures vanquished.

Vanquished Creatures (others)
  6 dancing weapons
  A fungus (D:2)
  23 plants
30 creatures vanquished.

Grand Total: 310 creatures vanquished

Notes
Turn   | Place    | Note
-------+----------+-------------------------------------------
     0 | D:1      | wrndlr the Spriggan Enchanter began the quest for the Orb.
     0 | D:1      | Reached XP level 1. HP: 9/9 MP: 5/5
   315 | D:1      | Reached XP level 2. HP: 12/13 MP: 7/7
   318 | D:1      | Learned a level 2 spell: Ensorcelled Hibernation
  1010 | D:1      | Reached XP level 3. HP: 14/16 MP: 1/9
  1164 | D:2      | Learned a level 3 spell: Tukima's Dance
  1168 | D:2      | Learned a level 3 spell: Confusing Touch
  1238 | D:2      | Found Padwa's Antique Armour Emporium.
  1480 | D:2      | Reached XP level 4. HP: 21/21 MP: 7/11
  1535 | D:2      | Reached skill level 5 in Hexes
  1722 | D:2      | Noticed Jessica
  1730 | D:2      | Killed Jessica
  2171 | D:2      | Found a faded altar of an unknown god.
  2221 | D:2      | Learned a level 3 spell: Dazzling Flash
  2515 | D:3      | Reached XP level 5. HP: 22/24 MP: 13/13
  2527 | D:3      | Reached skill level 5 in Spellcasting
  2737 | D:3      | Found a hide-covered altar of Uskayaw.
  2881 | D:3      | Noticed Sigmund
  2891 | D:3      | Killed Sigmund
  2892 | D:3      | Reached skill level 5 in Stealth
  2892 | D:3      | Reached XP level 6. HP: 15/28 MP: 8/15
  3338 | D:3      | Reached skill level 6 in Stealth
  3547 | D:3      | Noticed Terence
  3553 | D:3      | Killed Terence
  3709 | D:3      | Noticed Natasha
  3721 | D:3      | Killed Natasha
  3847 | D:3      | Noticed Natasha
  3856 | D:3      | Killed Natasha
  3857 | D:3      | Reached XP level 7. HP: 20/32 MP: 17/17
  3935 | D:3      | Noticed Natasha
  4052 | D:3      | Killed Natasha
  4150 | D:4      | Noticed Blork the orc
  4163 | D:4      | Gained mutation: Armour fits poorly on your strangely
                  | shaped body. [potion of mutation]
  4163 | D:4      | Gained mutation: You are frail. (-10% HP) [potion of
                  | mutation]
  4172 | D:4      | Killed Blork the orc
  4173 | D:4      | Reached skill level 7 in Stealth
  4591 | D:5      | Entered Level 5 of the Dungeon
  5014 | D:5      | Reached skill level 8 in Stealth
  5232 | D:5      | Reached XP level 8. HP: 32/32 MP: 17/20
  5375 | D:5      | Found a shimmering altar of Xom.
  5768 | D:4      | Reached skill level 9 in Stealth
  6142 | D:4      | Found a broken altar of Ashenzari.
  6986 | D:6      | Found a staircase to the Ecumenical Temple.
  7015 | Temple   | Entered the Ecumenical Temple
  7210 | D:6      | Identified the +0 scale mail of the Guilds {Harm}
  7317 | D:6      | Reached skill level 10 in Stealth
  8152 | D:7      | Reached XP level 9. HP: 26/35 MP: 19/23
  8649 | D:7      | Found a blossoming altar of Fedhas.
  9302 | D:7      | Reached skill level 1 in Fighting
  9496 | D:7      | Found a stormy altar of Qazlal.
  9505 | D:7      | Found a white marble altar of Elyvilon.
  9885 | D:8      | Found a runed translucent gate.
  9885 | D:8      | Found a runed translucent gate.
  9885 | D:8      | Found a runed translucent gate.
  9885 | D:8      | Noticed gabibbone's ghost (novice TeHu)
  9887 | D:8      | Found a basalt altar of Yredelemnul.
  9919 | D:8      | Reached skill level 11 in Stealth
 10935 | D:8      | Reached skill level 10 in Hexes
 11248 | D:8      | Reached skill level 5 in Dodging
 11578 | D:9      | Reached XP level 10. HP: 33/42 MP: 24/24
 11749 | D:9      | Reached skill level 10 in Spellcasting
 11773 | D:9      | Reached skill level 12 in Stealth
 12410 | D:9      | Found a bloodstained altar of Trog.
 12464 | D:10     | Entered Level 10 of the Dungeon
 12693 | D:10     | Noticed a two-headed ogre
 12696 | D:10     | Killed a two-headed ogre
 12697 | D:10     | Reached skill level 5 in Short Blades
 12710 | D:10     | Lost mutation: Armour fits poorly on your strangely shaped
                  | body. [potion of mutation]
 12710 | D:10     | Lost mutation: You are frail. (-10% HP) [potion of
                  | mutation]
 12710 | D:10     | Gained mutation: Your magical capacity is low. (-10% MP)
                  | [potion of mutation]
 12710 | D:10     | Gained mutation: Your flesh is heat resistant. (rF+)
                  | [potion of mutation]
 12710 | D:10     | Lost mutation: Your magical capacity is low. (-10% MP)
                  | [potion of mutation]
 12710 | D:10     | Gained mutation: You have a pair of small antennae on your
                  | head. [potion of mutation]
 12889 | D:10     | Found a shadowy altar of Dithmenos.
 12892 | D:10     | Became a worshipper of Dithmenos the Shadowed
 13060 | D:10     | Found an ornate altar of the Wu Jian Council.
 13439 | D:11     | Noticed an oklob plant
 13444 | D:11     | Found a staircase to the Lair.
 13456 | D:11     | Killed an oklob plant
 13668 | D:11     | Identified the +0 ring mail "Secusment" {Regen+ Int-5
                  | Dex+4}
 13898 | D:11     | Noticed a gargoyle
 13913 | D:11     | Killed a gargoyle
 13914 | D:11     | Reached skill level 13 in Stealth
 13914 | D:11     | Reached XP level 11. HP: 27/53 MP: 26/26
 14243 | D:11     | Noticed a boulder beetle
 14294 | D:11     | Killed a boulder beetle
 14740 | D:12     | Noticed Jorgrun
 14746 | D:12     | Killed Jorgrun
 14773 | D:12     | Identified the +1 pair of boots of Hysteria {Int+2}
 14937 | D:12     | Noticed a six-headed hydra
 14942 | D:12     | Killed a six-headed hydra
 15006 | D:12     | HP: 1/54 [wraith (10)]
 15022 | D:12     | Reached * piety under Dithmenos
 15342 | D:12     | Found a staircase to the Orcish Mines.
 15800 | D:12     | Reached skill level 14 in Stealth
 15804 | D:12     | Reached skill level 5 in Fighting
 15873 | D:12     | Noticed Urug
 15878 | D:12     | Killed Urug
 15980 | D:12     | Noticed Rupert
 16048 | D:12     | Killed Rupert
 16049 | D:12     | Reached XP level 12. HP: 47/60 MP: 23/28
 17350 | D:14     | Found Ziabliawk's Book Boutique.
 17352 | D:14     | Found a gate leading to a gauntlet.
 17369 | Gauntlet | Entered a Gauntlet
 17369 | Gauntlet | Found a transporter.
 17369 | Gauntlet | Found a transporter.
 17377 | Gauntlet | Found a transporter.
 17381 | Gauntlet | Found a transporter.
 17389 | Gauntlet | Found a transporter.
 17393 | Gauntlet | Found a transporter.
 17401 | Gauntlet | Found a transporter.
 17418 | Gauntlet | Found a transporter.
 17432 | Gauntlet | Found a transporter.
 17436 | Gauntlet | Found a transporter.
 17448 | Gauntlet | Found a transporter.
 17448 | Gauntlet | Found a transporter.
 17449 | Gauntlet | Found a runed translucent door.
 17705 | Gauntlet | Identified the +1 hat "Wutyclyq" {Str+5 Dex+2}
 17715 | Gauntlet | Slain by a sixfirhy

Illustrated notes

Levels and vault maps discovered:
D:1:      ncdulo_wetmaze, layout_loops_ring
D:2:      layout_basic, serial_shops, shop, shapermc_ecumenical_altar_acropolis,
          minmay_misc_feat_enclosed, chequers_serial_rivers_large_b,
          kennysheep_generic_room_7, uniq_jessica
D:3:      layout_loops_ring, eat_drink_and_be_merry_uskayaw,
          nicolae_grassy_gnolls, uniq_terence, uniq_sigmund, uniq_natasha
D:4:      layout_basic, mainiacjoe_overflow_alcove_4,
          dreamdust_princess_corridor, uniq_blork_the_orc
D:5:      layout_gridville, led_xom_imps
D:6:      layout_basic, minmay_temple_entry_glassed_door,
          minmay_misc_feat_nine_boxes
D:7:      layout_basic, nicolae_overflow_hidden_temple
D:8:      layout_basic, nicolae_yredelemnul_ghost_church
D:9:      layout_loops_ring, marbit_many_paths
D:10:     layout_roguey, mainiacjoe_overflow_24_doors,
          grunt_dithmenos_smoke_and_mirrors, water_boxes_lemuel
D:11:     layout_loops_corners, dpeg_oklobed_lair
D:12:     layout_roguey, david_orc_4, uniq_rupert, uniq_jorgrun, uniq_urug
D:13:     layout_stronghold
D:14:     kennysheep_room_grid, layout_basic, lightli_vaults_fourway_checkpoint,
          gauntlet_entry_generic, serial_shops, bzr_entry_road, shop_statue,
          shop_fountains
Temple:   hellmonk_temple_two_chambers
Gauntlet: minmay_gauntlet_77_indecision [minmay_gauntlet_arena_77_mess,
          minmay_gauntlet_arena_77_path,
          minmay_gauntlet_arena_77_radiant_squares,
          minmay_gauntlet_arena_77_p_blocks,
          minmay_gauntlet_arena_77_broken_ladder, minmay_gauntlet_arena_77_box,
          gauntlet_exit_watery]

Skill      XL: |  1  2  3  4  5  6  7  8  9 10 11 12 |
---------------+-------------------------------------+-----
Spellcasting   | 3 4 5 6 7 9 10 11 12 | 12.0
Hexes          | 4 5 6 7 9 10 11 12 | 12.1
Stealth        | 5 6 8 10 11 13 14 | 14.7
Dodging        | 5 7 9 |  9.5
Fighting       | 2 4 5 |  5.5
Short Blades   | 3 5 7 |  7.5

Action                   |  1- 3 |  4- 6 |  7- 9 | 10-12 || total
-------------------------+-------+-------+-------+-------++-------
Melee: Dagger            |   103 |   158 |   291 |   253 ||   805
       Punch             |     1 |     1 |     3 |    11 ||    16
 Cast: Ensorcelled Hiber |     8 |    17 |    50 |    34 ||   109
       Tukima's Dance    |     3 |     4 |    11 |     9 ||    27
       Confusing Touch   |       |       |    11 |    16 ||    27
Evoke: Wand              |       |       |     2 |     7 ||     9
  Use: Scroll            |     5 |     5 |    13 |     7 ||    30
       Potion            |       |       |     6 |     6 ||    12
 Stab: Sleeping          |    15 |    16 |    41 |    48 ||   120
       Invisible         |       |       |     4 |       ||     4
       Confused          |       |       |     8 |    10 ||    18
       Distracted        |       |       |     2 |       ||     2
Armor: Robe              |    11 |    19 |    39 |    10 ||    79
Dodge: Dodged            |    63 |   106 |   219 |   154 ||   542

Table legend: (Time is in decaauts)
 A = Elapsed time spent in this place.
 B = Non-inter-level travel time spent in this place.
 C = Inter-level travel time spent in this place.
 D = Time resting spent in this place.
 E = Time spent auto-exploring this place.
 F = Levels seen in this place.
 G = Mean time per level.
                   A        B        C        D        E       F      G
               +--------+--------+--------+--------+--------+-----+--------+
         Total |  13865 |  13615 |    250 |   1394 |  10032 |  16 |  866.6 |
       Dungeon |  13600 |  13352 |    248 |   1394 |   9893 |  14 |  971.4 |
        Temple |     18 |     16 |      2 |      0 |      7 |   1 |   18.0 |
      Gauntlet |    246 |    246 |      0 |      0 |    131 |   1 |  246.0 |
               +--------+--------+--------+--------+--------+-----+--------+

Top non-repeatable levels by time:
     D:8: 1638 daAuts
     D:3: 1524 daAuts
    D:12: 1484 daAuts
     D:7: 1298 daAuts
     D:2: 1138 daAuts
     D:4: 988 daAuts
     D:5: 966 daAuts
     D:1: 930 daAuts
    D:13: 787 daAuts
     D:6: 733 daAuts
    D:10: 712 daAuts
    D:11: 702 daAuts
     D:9: 674 daAuts
Gauntlet: 246 daAuts
    D:14: 21 daAuts
